 Dungeon Crawl Stone Soup version 0.22-a0-135-g6f012ad (webtiles) character file.

133 KristoblXynda the Ducker (level 4, -1/21 HPs)
             Began as a Felid Monk on Jan 31, 2018.
             Slain by a gnoll
             ... wielding a +0 spear
              (10 damage)
             ... on level 3 of the Dungeon.
             The game lasted 00:05:50 (3556 turns).

KristoblXynda the Ducker (Felid Monk)               Turns: 3556, Time: 00:05:51

Health: -1/21      AC:  1    Str:  8    XL:     4   Next: 94%
Magic:  5/5        EV: 22    Int: 12    God:
Gold:   85         SH:  0    Dex: 18    Spells: 3/3 levels left
                                        Lives:  0   Deaths: 1

rFire    . . .     SeeInvis +     - Unarmed
rCold    + . .     Gourm    .   (shield unavailable)
rNeg     . . .     Faith    .   (armour unavailable)
rPois    .         Spirit   .   (helmet unavailable)
rElec    .         Reflect  .   (cloak unavailable)
rCorr    .         Harm     .   (gloves unavailable)
MR       .....                  (boots unavailable)
Stlth    ++++......             (no amulet)
HPRegen  0.07/turn              n - ring of protection from cold
MPRegen  0.09/turn              (no ring)

@: quick
A: very small, no armour, no weapons or thrown items, stealth, claws 1, fangs 3,
see invisible, carnivore, speed 1, shaggy fur 1, slow metabolism 1, sharp paws
a: no special abilities


You were on level 3 of the Dungeon.
You were not hungry.

You visited 1 branch of the dungeon, and saw 4 of its levels.

You collected 85 gold pieces.

Inventory:

Jewellery
 n - a ring of protection from cold (left paw)
Scrolls
 c - 4 scrolls of remove curse
 f - a scroll of fog {unknown}
 g - 2 scrolls of enchant armour {unknown}
 h - a scroll of amnesia
 i - a scroll of immolation {unknown}
 l - a scroll of blinking {unknown}
Potions
 b - a potion of brilliance
 d - a potion of resistance {unknown}
 e - 2 potions of magic
 j - 3 potions of heal wounds
 k - a potion of haste
 m - a potion of might {unknown}
Comestibles
 a - 4 rations


   Skills:
 - Level 3.0 Fighting
 + Level 6.0 Dodging
 + Level 5.5 Stealth
 + Level 4.5 Unarmed Combat


You had 3 spell levels left.
You didn't know any spells.

Dungeon Overview and Level Annotations

Branches:
Dungeon (4/15)
 Temple: D:4-7

Altars:

Shops:
D:4 =


Innate Abilities, Weirdness & Mutations

You cannot wear armour.
You are incapable of wielding weapons or throwing items.
Your paws allow you to move quietly. (Stealth)
You have sharp claws.
You have razor-sharp teeth.
You have supernaturally acute eyesight. (SInv)
You are carnivorous and can eat meat at any time.
You cover ground quickly.
You are covered in fur. (AC +1)
You have a slow metabolism.
Your sharp claws are effective at attacking unaware monsters.


Message History

You completely miss the gnoll. You bite the gnoll, but do no damage.
The gnoll hits you with a spear.
You die...
You are now level 4!
You rejoin the land of the living...
The gnoll hits you from afar with a +0 spear.
The gnoll hits you with a +0 spear.
You barely miss the gnoll. The gnoll misses you.
You scratch the gnoll.
The gnoll is lightly wounded.
The gnoll completely misses you.
You scratch the gnoll.
The gnoll is lightly wounded.
You scratch the gnoll but do no damage.
The gnoll is lightly wounded.
The gnoll misses you.
You closely miss the gnoll.
The gnoll is lightly wounded.
The gnoll hits you with a +0 spear!
You die...

###.##[#.#.#.....# #.# #
#.##.....#.....# #.########
###.##.....#.....# #.##....##
....##.....#.....# ##.........
######.#.........#### #.......)..
#.##...........###..g......#
#.##.)[..........#.........#
######'##............†#.........#
................@g....'.........#
.................((...#>.......##
.........########.....#####....##
.[(......# #.....# #......
.........# #.....# #######
.........##### #.....##### #
..(......'...# #.........# #
.........###.# #.........### #
.........'...# #...........#####


You could see a gnoll.

Vanquished Creatures
  Crazy Yiuf (D:2)
  Terence (D:2)
  Natasha (twice) (D:2)
  Robin (D:3)
  3 adders
  3 gnolls (D:3)
  An ooze (D:2)
  3 worms (D:2)
  A dart slug (D:2)
  3 leopard geckos
  2 orcs
  3 bats
  4 giant cockroaches
  9 goblins
  6 hobgoblins
  4 jackals (D:3)
  4 ball pythons
  3 frilled lizards
  11 kobolds
  11 rats
76 creatures vanquished.

Notes
Turn   | Place    | Note
-------+----------+-------------------------------------------
     0 | D:1      | KristoblXynda the Felid Monk began the quest for the Orb.
     0 | D:1      | Reached XP level 1. HP: 10/10 MP: 2/2
   392 | D:1      | Reached XP level 2. HP: 14/14 MP: 3/3
  1031 | D:2      | Reached XP level 3. HP: 17/17 MP: 4/4
  1224 | D:2      | Found a runed door.
  1244 | D:2      | Noticed Terence
  1250 | D:2      | Killed Terence
  1292 | D:2      | Reached skill level 5 in Dodging
  1292 | D:2      | Reached XP level 4. HP: 21/21 MP: 5/5
  1740 | D:2      | Noticed Natasha
  1749 | D:2      | Killed Natasha
  1903 | D:2      | Noticed Natasha
  1911 | D:2      | Killed Natasha
  1911 | D:2      | Reached XP level 5. HP: 5/24 MP: 6/6
  2195 | D:2      | Noticed Crazy Yiuf
  2199 | D:2      | Killed Crazy Yiuf
  2199 | D:2      | Reached skill level 5 in Stealth
  2563 | D:3      | Noticed Robin
  2583 | D:3      | Killed Robin
  2958 | D:3      | Reached skill level 6 in Dodging
  3462 | D:4      | Found Idaloo Pobau's Jewellery Shoppe.
  3542 | D:3      | Slain by a gnoll
  3543 | D:3      | Reached XP level 4. HP: 0/21 MP: 5/5
  3556 | D:3      | Slain by a gnoll

Vault maps used:
D:1:      sevenhm_arrival_forest_fort_large_1
D:2:      first_ration, uniq_natasha, uniq_crazy_yiuf_cottage, uniq_terence
D:3:      uniq_robin
D:4:      minmay_temple_entry_statues_fountains, serial_shops,
          nicolae_shop_crystal

Skill      XL: |  1  2  3  4  5 |
---------------+----------------+-----
Stealth        | 3 4 5 |  5.5
Dodging        | 5 6 |  6.0
Unarmed Combat | 4 |  4.5
Fighting       | |  3.0

Action                   |  1- 3 |  4- 6 || total
-------------------------+-------+-------++-------
Melee: Unarmed           |    58 |   145 ||   203
       Bite              |     4 |    15 ||    19
       Punch             |       |     3 ||     3
  Use: Scroll            |       |     6 ||     6
       Potion            |       |     1 ||     1
 Stab: Sleeping          |    13 |     9 ||    22
  Eat: Chunk             |     4 |     8 ||    12
Armor: Skin              |     1 |     6 ||     7
Dodge: Dodged            |    41 |   112 ||   153

Table legend:
 A = Spawn XP
 B = Non-spawn XP
 C = Spawn XP percentage of total XP
 D = Spawn monster count
 E = Non-spawn monster count
 F = Spawn count percentage of total count
 G = Total turns spent on level
                    A         B        C        D         E        F      G
               +---------+---------+-------+---------+---------+-------+---------
         Total |       0 |     371 |   0.0 |       0 |      76 |   0.0 |  3556
               +---------+---------+-------+---------+---------+-------+---------
           D:1 |       0 |      30 |   0.0 |       0 |      21 |   0.0 |   956
           D:2 |       0 |     210 |   0.0 |       0 |      23 |   0.0 |  1276
           D:3 |       0 |     126 |   0.0 |       0 |      30 |   0.0 |  1249
           D:4 |       0 |       5 |   0.0 |       0 |       2 |   0.0 |    75
               +---------+---------+-------+---------+---------+-------+---------
